Map: [ESL] Royal Blood

Players

Milkicow

  • Race: Terran Terran
  • Spawn Location: 7:00

Bly - Winner!

  • Race: Zerg Zerg
  • Spawn Location: 1:00

Event: ESL SC2 Masters 2023 Summer (Regionals)

VOD

Have the link to the VOD?

Description

Time

  • Played on: May 9, 2023, 12:46 p.m.
  • Length: 8:24

All games in this series

Show
View Real Time Build Order
Export as new Build Order

Milkicow Terran 

Build Orders: Command Center First 

Get SALT Encoding   

  12  0:00  SCV  
  13  0:12  SCV  
  14  0:17  Supply Depot  
  14  0:24  SCV  
  15  0:39  SCV  
  16  0:51  SCV  
  17  0:58  Command Center  
  17  1:03  SCV  
  18  1:12  Barracks  
  18  1:16  SCV  
  19  1:21  Refinery  
  19  1:28  SCV  
  20  1:33  Refinery  
  20  1:40  SCV  
  21  1:52  SCV  
  22  1:59  Marine  
  22  2:00  Bunker  
  23  2:04  Orbital Command  
  23  2:15  Factory  
  23  2:17  Marine  
  24  2:30  SCV  
  24  2:34  Orbital Command  
  25  2:42  SCV  
  27  2:52  Marine  
  27  2:54  SCV  
  28  3:00  Factory Tech Lab  
  28  3:02  SCV  
  27  3:06  SCV  
  28  3:19  Cyclone  
  30  3:21  SCV  
  30  3:22  Barracks Reactor  
  29  3:33  SCV  
  26  3:35  SCV  
  23  3:59  Siege Tank  
  25  4:05  SCV, Marine  
  26  4:13  SCV  
  26  4:17  Marine, SCV  
  26  4:23  Marine  
  28  4:29  Orbital Command, SCV  
  27  4:42  SCV  
  28  4:46  Marine x2  
  30  4:55  SCV x2  
  32  5:04  Marine x2  
  32  5:07  SCV  
  36  5:19  Siege Tank, Supply Depot  
  38  5:26  Supply Depot  
  38  5:28  Supply Depot  
  38  5:47  Barracks, Marine, SCV  
  38  5:48  SCV  
  41  5:56  Siege Tank  
  45  6:02  SCV  
  46  6:04  Marine  
  46  6:09  SCV  
  41  6:14  SCV  
  38  6:19  Bunker  
  38  6:21  SCV  
  38  6:26  SCV  
  38  6:28  Barracks Reactor  
  38  6:30  Siege Tank  
  42  6:35  Orbital Command  
  42  6:37  Barracks Tech Lab  
  42  6:40  SCV  
  42  6:41  SCV  
  42  6:42  Barracks, Barracks Reactor  
  42  6:46  Bunker  
  43  6:52  SCV  
  44  7:01  Marine  
  44  7:02  Supply Depot  
  44  7:04  SCV  
  44  7:06  Bunker  
  44  7:07  SCV  
  46  7:19  Marine  
  37  7:25  SCV  
  37  7:26  Marine x2  
Show
View Real Time Build Order
Export as new Build Order

Bly Zerg - Winner!

Build Orders: Hatch First, Ravager All-In 

Get SALT Encoding   

  12  0:00  Drone  
  13  0:11  Drone  
  14  0:37  Hatchery  
  13  0:50  Spawning Pool  
  13  0:54  Drone  
  13  0:59  Drone  
  14  1:06  Extractor, Drone  
  14  1:13  Extractor, Drone  
  14  1:19  Overlord  
  14  1:38  Roach Warren  
  14  1:39  Drone  
  14  1:40  Drone  
  15  1:48  Drone  
  15  1:52  Zergling x2  
  17  2:18  Roach x2  
  17  2:22  Roach  
  23  2:27  Overlord  
  23  2:33  Roach  
  24  2:46  Roach  
  26  3:02  Ravager x3  
  26  3:03  Roach  
  28  3:21  Ravager  
  28  3:23  Roach x2  
  33  3:39  Roach  
  29  3:50  Roach x3  
  32  3:59  Ravager  
  33  4:07  Ravager  
  33  4:08  Overlord  
  34  4:27  Ravager  
  35  4:33  Roach  
  35  4:34  Roach x2  
  41  4:41  Drone x3  
  44  4:46  Overlord  
  44  5:00  Overlord  
  44  5:12  Overlord  
  44  5:15  Roach  
  44  5:24  Ravager x4  
  44  5:26  Overlord  
  48  5:28  Drone  
  48  5:33  Ravager  
  49  5:36  Metabolic Boost  
  49  5:52  Drone x3  
  49  5:54  Ravager  
  53  6:04  Overlord  
  53  6:06  Zergling x6  
  46  6:14  Ravager  
  46  6:16  Zergling x2  
  45  6:27  Queen, Zergling x2  
  45  6:29  Roach  
  50  6:35  Roach  
  52  6:45  Zergling x2  
  52  6:46  Zergling x4  
  55  6:50  Ravager  
  55  6:51  Roach  
  58  7:06  Roach  
  60  7:08  Queen  
  60  7:10  Ravager  
Tags
 
Add a new tag
Caveats
  • Supply blocks, unpowered buildings, or Contaminate may cause inaccurate times.
  • Supply counts are checked every 10 seconds.